 Dungeon Crawl Stone Soup version 0.26.0-10-g1f06aea511 (webtiles) character file.

Game seed: 453465986029259824

655 Borgoz the Covered (level 7, 0/60 HPs)
             Began as a Ghoul Fighter on Jan 14, 2021.
             Slain by a worker ant (1 damage)
             ... on level 4 of the Dungeon.
             The game lasted 00:05:02 (3921 turns).

Borgoz the Covered (Ghoul Fighter)                  Turns: 3921, Time: 00:05:02

Health: 0/60       AC:  9    Str: 21    XL:     7   Next: 54%
Magic:  6/6        EV:  9    Int:  3    God:
Gold:   147        SH:  4    Dex:  9    Spells: 6/6 levels left

rFire    . . .     SeeInvis .   a - +0 long sword
rCold    + . .     Faith    .   l - +0 buckler
rNeg     + + +     Spirit   .   b - +0 scale mail
rPois    ∞         Reflect  .   (no helmet)
rElec    .         Harm     .   i - +1 cloak
rCorr    .         Rampage  .   (no gloves)
Will     .....                  (no boots)
Stlth    ..........             (no amulet)
HPRegen  0.00/turn              (no ring)
MPRegen  0.10/turn              (no ring)

@: no status effects
A: claws 1, cold resistance 1, negative energy resistance 3, inhibited
regeneration, torment resistance, unbreathing
a: no special abilities


You were on level 4 of the Dungeon.
You visited 1 branch of the dungeon, and saw 4 of its levels.

You collected 147 gold pieces.

Inventory:

Hand Weapons
 a - a +0 long sword (weapon)
Armour
 b - a +0 scale mail (worn)
 i - a +1 cloak (worn)
 l - a +0 buckler (worn)
Scrolls
 e - a scroll of identify
 k - a scroll of fear
Potions
 c - a potion of haste
 d - a potion of might
 h - a potion of magic


   Skills:
 + Level 4.8 Fighting
 * Level 4.5 Long Blades
 * Level 4.9 Armour
 + Level 3.9 Shields


You had 6 spell levels left.
You didn't know any spells.
Your spell library was empty.

Dungeon Overview and Level Annotations

Branches:
Dungeon (4/15)
 Temple: D:4-7

Altars:


Innate Abilities, Weirdness & Mutations

You thrive by killing the living.
You are immune to poison.
You have sharp fingernails.
Your flesh is cold resistant. (rC+)
You are immune to negative energy. (rN+++)
You do not regenerate when monsters are visible.
You are immune to unholy pain and torment.
You can survive without breathing.


Message History

You hit the gnoll but do no damage. The worker ant closely misses you.
The gnoll closely misses you.
You riposte.
You barely miss the gnoll. The worker ant closely misses you.
You riposte.
You slash the worker ant!
The worker ant is almost dead.
You hit the gnoll.
The gnoll is lightly wounded.
The gnoll hits you with a +0 flail!
* * * LOW HITPOINT WARNING * * *
The worker ant bites you.
* * * LOW HITPOINT WARNING * * *
You closely miss the gnoll.
The gnoll is lightly wounded.
The worker ant bites you but does no damage.
The gnoll hits you but does no damage. The worker ant completely misses you.
You hit the gnoll but do no damage.
The gnoll is lightly wounded.
The gnoll hits you with a +0 flail.
* * * LOW HITPOINT WARNING * * *
The worker ant bites you.
You die...

##. ###.## #<..
....# # #..# #..# .
#.#..####..#######
.....[............#
..#.##..###..#.###.#
.........))..#.#
##..#..##.#.#.#
#@.##.#.#.#
#...Bg....#.#.#
.........####.#.#
.........# #.#.# #
>........# .#.###.#
).....(..# #.#.#.#
.......#.# # #..#..#
.......
.####.###.#.#
........†...#


You could see a worker ant and a gnoll.

Vanquished Creatures
  Grinder (D:3)
  An ice beast (D:2)
  An ogre (D:4)
  An orc priest (D:3)
  An orc wizard (D:3)
  6 adders
  7 gnolls
  3 oozes
  4 worms
  3 dart slugs
  3 orcs (D:3)
  7 bats
  3 giant cockroaches
  8 goblins
  4 hobgoblins
  3 jackals
  4 frilled lizards
  A jackal skeleton (D:4)
  11 kobolds
  6 rats
78 creatures vanquished.

Notes
Turn   | Place    | Note
-------+----------+-------------------------------------------
     0 | D:1      | Borgoz the Ghoul Fighter began the quest for the Orb.
     0 | D:1      | Reached XP level 1. HP: 19/19 MP: 0/0
   181 | D:1      | Reached XP level 2. HP: 24/26 MP: 1/1
   502 | D:1      | Reached XP level 3. HP: 25/31 MP: 2/2
  1003 | D:2      | Reached XP level 4. HP: 24/40 MP: 3/3
  1196 | D:2      | Noticed an ice beast
  1211 | D:2      | Killed an ice beast
  1212 | D:2      | Reached XP level 5. HP: 12/46 MP: 4/4
  2252 | D:3      | Reached XP level 6. HP: 20/52 MP: 5/5
  2769 | D:3      | Noticed Grinder
  2769 | D:3      | Paralysed by Grinder for 6 turns
  2789 | D:3      | Paralysed by Grinder for 7 turns
  2803 | D:3      | Paralysed by Grinder for 4 turns
  2828 | D:3      | Killed Grinder
  2829 | D:3      | Reached XP level 7. HP: 4/60 MP: 6/6
  3921 | D:4      | HP: 1/60 [gnoll/+0 flail (5)]
  3921 | D:4      | Slain by a worker ant

Illustrated notes

Levels and vault maps discovered:
D:1:      nagdon_arrival_double_spiral, layout_basic
D:2:      layout_basic
D:3:      layout_basic, minmay_box_of_dots, uniq_grinder
D:4:      layout_loops_ring, nicolae_ossuary_entry_monument,
          minmay_misc_feat_tower, uniq_pikel, uniq_edmund

Skill      XL: |  1  2  3  4  5  6 |
---------------+-------------------+-----
Long Blades    | 2 3 4 |  4.5
Armour         | 3 4 |  4.9
Shields        | 3 |  3.9
Fighting       | 4 |  4.8

Action                   |  1- 3 |  4- 6 |  7- 9 || total
-------------------------+-------+-------+-------++-------
Melee: Long sword        |    99 |   169 |    78 ||   346
  Use: Potion            |       |     4 |     1 ||     5
       Scroll            |       |     3 |     3 ||     6
Armor: Scale mail        |    55 |    84 |    23 ||   162
Dodge: Dodged            |    41 |    74 |    37 ||   152
Block: Kite shield       |    51 |    15 |       ||    66
       Buckler           |       |    25 |    15 ||    40
       Rpst.: Long sword |    15 |    25 |    16 ||    56
